 Dungeon Crawl Stone Soup version 0.27.1-3-gb3d3a73c9e (webtiles) character file.

Game seed: 15207641311855052280

7435 theEndsummarily the Scholar of Death (level 10, -21/130 HPs)
             Began as a Deep Dwarf Necromancer on Oct 28, 2021.
             Was a Follower of Kikubaaqudgha.
             Demolished by a minotaur (25 damage)
             ... in a Gauntlet on Oct 29, 2021.
             The game lasted 01:53:21 (13447 turns).

theEndsummarily the Scholar of Death (DDNe)        Turns: 13447, Time: 01:53:22

Health: -21/130    AC: 15    Str: 12    XL:     10   Next: 93%
Magic:  2/18       EV: 14    Int: 25    God:    Kikubaaqudgha [*.....]
Gold:   435        SH:  5    Dex: 16    Spells: 5/21 levels left

rFire    . . .     SeeInvis .   S - +3 spear (vorpal)
rCold    . . .     Faith    .   (no shield)
rNeg     . . .     Spirit   .   i - +3 ring mail
rPois    .         Reflect  +   p - +2 hat
rElec    .         Harm     .   j - scarf {+Inv}
rCorr    +         Rampage  .   k - +0 pair of gloves
Will     +....     NoTele   +   N - +2 pair of boots of Fallacy {Dex+3}
Stlth    ..........             y - amulet of reflection
HPRegen  0.00/turn              L - ring of resist corrosion
MPRegen  0.16/turn              X - +6 ring of intelligence

@: mighty, berserking (expiring), very quick
A: damage resistance, heal wounds, sense surroundings 2, no regeneration
a: Heal Wounds, Renounce Religion, Evoke Invisibility, Receive Corpses


You were in a Gauntlet.
You worshipped Kikubaaqudgha.
Kikubaaqudgha was aware of your devotion.
You visited 2 branches of the dungeon, and saw 13 of its levels.
You also visited: Gauntlet.

You collected 729 gold pieces.
You spent 294 gold pieces at shops.

Inventory:

Hand Weapons
 a - a +1 dagger of protection
 b - a +0 hunting sling
 u - a +4 quarterstaff of chaos
 x - a +2 dagger of speed
 H - a +2 dire flail of protection
 J - a +1 short sword of electrocution
 Q - a +2 dagger of venom
 S - a +3 vorpal spear (weapon)
 T - a +1 scimitar of flaming
Missiles
 r - 287 stones
 B - 10 boomerangs
 K - 3 poisoned darts
 R - 2 throwing nets
 U - 2 curare-tipped darts
Armour
 i - a +3 ring mail (worn)
 j - a scarf of invisibility (worn)
 k - a +0 pair of gloves (worn)
 p - a +2 hat (worn)
 N - the +2 pair of boots of Fallacy (worn) {Dex+3}
   (You bought it in a shop on level 4 of the Dungeon)

   Dex:       It affects your dexterity (+3).
 O - a +0 cloak
Jewellery
 l - the ring "Fyzom" {rC+ Will+ rCorr Str-4 Dex+5}
   (You found it in a Gauntlet)

   [ring of willpower]

   Str:       It affects your strength (-4).
   Dex:       It affects your dexterity (+5).
   rC:        It protects you from cold.
   rCorr:     It protects you from acid and corrosion.
   Will:      It increases your willpower.
 y - an amulet of reflection (around neck)
 L - a ring of resist corrosion (left hand)
 X - a +6 ring of intelligence (right hand)
 Y - the amulet of the Air {Inacc Air Fly rElec RMsl}
   (You found it on level 9 of the Dungeon)

   [amulet of nothing]

   It reduces the accuracy of all your attacks.
   It enhances your air magic.
   rElec:     It insulates you from electricity.
   Fly:       It grants you flight.
   RMsl:      It protects you from missiles.
Wands
 d - a wand of flame (8)
 G - a wand of polymorph (4)
 V - a wand of mindburst (19)
 W - a wand of iceblast (6)
 Z - a wand of digging (5)
Scrolls
 f - 6 scrolls of amnesia
 h - 4 scrolls of magic mapping {unknown}
 n - 3 scrolls of teleportation
 w - 3 scrolls of holy word
 A - a scroll of blinking
 D - 6 scrolls of vulnerability {unknown}
 M - a scroll of enchant armour
Potions
 e - a potion of cancellation {unknown}
 o - 9 potions of curing
 q - a potion of might
 s - 3 potions of invisibility {unknown}
 t - 2 potions of magic {unknown}
 v - 2 potions of flight {unknown}
 z - a potion of resistance {unknown}
 C - a potion of ambrosia {unknown}
 E - 2 potions of mutation {unknown}
 I - 2 potions of attraction {unknown}
 P - a potion of brilliance {unknown}


   Skills:
 - Level 4.9 Fighting
 + Level 3.2 Armour
 + Level 7.9 Dodging
 + Level 9.3 Stealth
 + Level 6.0 Spellcasting
 * Level 11.1 Necromancy
 + Level 4.0 Evocations


You had 5 spell levels left.
You knew the following spells:

 Your Spells              Type           Power      Damage    Failure   Level
a - Pain                  Necr           100%       1d9       1%          1
b - Animate Skeleton      Necr           100%       N/A       1%          1
c - Corpse Rot            Necr/Air       N/A        N/A       2%          2
d - Vampiric Draining     Necr           29%        2d10      1%          3
e - Agony                 Necr           59%        N/A       4%          5
f - Animate Dead          Necr           29%        N/A       1%          4

Your spell library contained the following spells:

 Spells                   Type           Power      Damage    Failure   Level
 Sublimation of Blood     Necr           29%        N/A       1%          2
 Magic Dart               Conj           28%        1d4       16%         1
 Sting                    Tmut/Pois      28%        1d4       16%         1
 Summon Small Mammal      Summ           28%        N/A       16%         1
 Ensorcelled Hibernation  Hex/Ice        14%        N/A       24%         2
 Poisonous Vapours        Pois/Air       14%        N/A       24%         2
 Searing Ray              Conj           14%        3d3       24%         2
 Wereblood                Tmut           7%         N/A       24%         2
 Call Canine Familiar     Summ           7%         N/A       43%         3
 Spider Form              Tmut/Pois      3%         N/A       43%         3
 Summon Guardian Golem    Hex/Summ       7%         N/A       43%         3
 Fulminant Prism          Conj/Hex       3%         3d6       83%         4
 Olgreb's Toxic Radiance  Pois           7%         N/A       83%         4
 Shadow Creatures         Summ           N/A        N/A       100%        6
 Summon Hydra             Summ           3%         N/A       100%        7


Dungeon Overview and Level Annotations

Branches:
Dungeon (12/15)            Temple (1/1) D:5            Lair (0/6) D:10
    Orc (0/2) D:9         Gauntlet (1/1)

Altars:
Ashenzari
Cheibriados
Dithmenos
Elyvilon
Fedhas
Gozag
Hepliaklqana
Kikubaaqudgha
Nemelex Xobeh
Okawaru
Qazlal
Ru
Sif Muna
Trog
Uskayaw
Vehumet
Wu Jian
Xom
Yredelemnul
Zin
The Shining One

Shops:
D:4 [   D:8 *   D:9 :[   D:11 *

Annotations:
D:1 exclusion: endoplasm
D:6 exclusions: sky beast and 1 more exclusion
D:7 exclusion: 2 sky beasts, Joseph
D:9 exclusions: cyclops and two-headed ogre
D:11 2 transporters, jayjay249's ghost, journeyman DECj Gauntlet 6 transporters, exclusion: ice statue


Innate Abilities, Weirdness & Mutations

You are resistant to damage.
You can heal yourself by infusing magical energy.
You passively map the area around you.
You do not regenerate.


Message History

You feel yourself moving faster!
You feel mighty!
The minotaur hits your merfolk zombie with the +8 demon trident "Rift" {distort, reach+}!!
Your merfolk zombie is destroyed!
You feel a strong urge to attack something.
The minotaur bellows!
The minotaur hits you with the +8 demon trident "Rift" {distort, reach+}!!
Space warps horribly around you. The minotaur barely misses you.
The minotaur blocks your attack.
The minotaur is severely wounded.
You puncture the minotaur!
The minotaur is almost dead.
The minotaur hits you with the +8 demon trident "Rift" {distort, reach+}!!
* * * LOW HITPOINT WARNING * * *
Space bends around you!
* * * LOW HITPOINT WARNING * * *
The minotaur gores you but does no damage.
The minotaur barely misses you.
The minotaur gores you but does no damage.
You hit the minotaur but do no damage.
The minotaur is almost dead.
The minotaur closely misses you. x2
Okay, then.
You puncture the minotaur!
The minotaur is almost dead.
The minotaur hits you but does no damage.
The minotaur gores you.
You hit the minotaur but do no damage.
The minotaur is almost dead.
You block the minotaur's attack. The minotaur gores you.
You closely miss the minotaur.
The minotaur is almost dead.
The minotaur hits you with the +8 demon trident "Rift" {distort, reach+}!!
* * * LOW HITPOINT WARNING * * *
Space bends around you.
The minotaur gores you but does no damage.
You hit the minotaur but do no damage.
The minotaur is almost dead.
The minotaur hits you with the +8 demon trident "Rift" {distort, reach+}!!
You die...
Kikubaaqudgha rasps: "You have failed me!
Welcome... death!"

#####..#8# ....#..# *
..#.#..# ##..#..#####
##..#..#≈8≈#
.#.©#..#...########
##.(#..#.8........#
##.(#..#...###.##.##
..#.#..#.8......@.8#
....#..#...#.#.H...#
#####..#...#.#.#######*
......≈#.©.#...#8.8=8}8
......∩#...###H'...H..
......≈#.©.#...#8.8[8?
#####..#...#.#.#######
...Z#..#...#.#.....#
...k#..#.8........8#


You could see a minotaur (fast).

Vanquished Creatures
  2 two-headed ogres
  Pikel (D:7)
  2 komodo dragons
  2 hornets
  A slime creature (D:12)
  6 yaks (D:9)
  A shadow (D:12)
  2 acid dragons
  2 water moccasins
  4 orc warriors (D:9)
  2 black bears
  A necrophage (D:6)
  4 centaurs
  2 wolves
  A lemure (D:7)
  A kobold brigand (D:6)
  Blork the orc (D:5)
  2 bullfrogs
  A gnoll sergeant (D:8)
  A scorpion (D:6)
  A water moccasin zombie (D:6)
  Dowan (D:4)
  A wyvern skeleton (D:5)
  5 killer bees (D:8)
  3 howler monkeys (D:8)
  4 hounds
  5 centaur zombies
  Crazy Yiuf (D:6)
  4 orc priests
  A jelly (D:5)
  Ijyb (D:3)
  2 gnoll shamans
  An iguana (D:6)
  4 orc wizards
  A hound skeleton (D:4)
  Robin (D:3)
  4 adders
  18 gnolls
  A howler monkey zombie (D:9)
  2 howler monkey skeletons
  2 ufetubi
  2 worms (D:4)
  3 dart slugs
  32 orcs
  3 bats
  An endoplasm (D:2)
  A giant cockroach (D:3)
  18 goblins
  4 hobgoblins
  3 quokkas
  6 ball pythons
  4 frilled lizards
  10 kobolds
  3 rats
192 creatures vanquished.

Vanquished Creatures (collateral kills)
  An ogre (D:6)
  2 gnolls (D:4)
3 creatures vanquished.

Vanquished Creatures (others)
  3 demonic plants (Gauntlet)
  A fungus (D:6)
  2 withered plants (D:1)
6 creatures vanquished.

Grand Total: 201 creatures vanquished

Notes
Turn   | Place    | Note
-------+----------+-------------------------------------------
     0 | D:1      | theEndsummarily the Deep Dwarf Necromancer began the quest
                  | for the Orb.
     0 | D:1      | Reached XP level 1. HP: 15/15 MP: 3/3
   309 | D:1      | Reached XP level 2. HP: 22/22 MP: 2/4
   646 | D:1      | Found a faded altar of an unknown god.
  1009 | D:2      | Learned a level 1 spell: Animate Skeleton
  1191 | D:2      | Reached XP level 3. HP: 22/28 MP: 2/6
  1903 | D:2      | You fall into a shaft and drop 2 floors!
  1921 | D:4      | Found Intolica's Antique Armour Boutique.
  1986 | D:4      | Reached XP level 4. HP: 20/36 MP: 7/7
  2016 | D:4      | Reached skill level 5 in Necromancy
  2112 | D:3      | Learned a level 3 spell: Vampiric Draining
  2676 | D:3      | Noticed Robin
  3016 | D:3      | Killed Robin
  3017 | D:3      | Reached XP level 5. HP: 19/42 MP: 1/8
  3176 | D:3      | Noticed Ijyb
  3183 | D:3      | Killed Ijyb
  3772 | D:4      | Noticed Dowan
  3778 | D:4      | Noticed Duvessa
  3795 | D:4      | Noticed Duvessa
  3795 | D:4      | Duvessa changed into Duvessa the worm
  3812 | D:4      | Killed Duvessa the worm
  4105 | D:4      | Killed Dowan
  4106 | D:4      | Reached XP level 6. HP: 20/50 MP: 10/10
  4303 | D:4      | Noticed an acid dragon
  4303 | D:4      | a scorpion changed into an acid dragon
  4303 | D:4      | HP: 2/50 [acid (9)]
  4310 | D:4      | Killed an acid dragon
  4311 | D:4      | Reached skill level 1 in Fighting
  4511 | D:5      | Entered Level 5 of the Dungeon
  4513 | D:5      | Found a staircase to the Ecumenical Temple.
  4525 | D:5      | Reached skill level 6 in Necromancy
  4531 | Temple   | Entered the Ecumenical Temple
  4740 | Temple   | Became a worshipper of Kikubaaqudgha
  4878 | D:5      | Reached skill level 5 in Stealth
  4878 | D:5      | Reached XP level 7. HP: 31/57 MP: 11/11
  5029 | D:5      | Noticed Blork the orc
  5178 | D:5      | Killed Blork the orc
  5236 | D:5      | Noticed Edmund
  5708 | D:5      | Noticed Edmund
  5708 | D:5      | Edmund changed into Edmund the wolf
  5721 | D:5      | Killed Edmund the wolf
  6031 | D:6      | Reached skill level 7 in Necromancy
  6067 | D:6      | Noticed a troll
  6128 | D:6      | Reached XP level 8. HP: 31/68 MP: 3/12
  6630 | D:6      | Reached skill level 5 in Dodging
  7020 | D:4      | Bought a pair of translucent boots for 266 gold pieces
  7020 | D:4      | Identified the +2 pair of boots of Fallacy {Dex+3} (You
                  | bought it in a shop on level 4 of the Dungeon)
  7285 | D:6      | Found a runed translucent door.
  7286 | D:6      | Noticed Crazy Yiuf
  7293 | D:6      | Killed Crazy Yiuf
  7476 | D:7      | Noticed Joseph
  7537 | D:7      | Noticed Pikel
  7544 | D:7      | Killed Pikel
  7545 | D:7      | Reached skill level 8 in Necromancy
  7656 | D:7      | Gained mutation: You passively map the area around you.
                  | [Deep Dwarf growth]
  7656 | D:7      | Reached XP level 9. HP: 56/78 MP: 11/14
  7977 | D:7      | Reached * piety under Kikubaaqudgha
  7977 | D:7      | Received a gift from Kikubaaqudgha
  7981 | D:7      | Learned a level 2 spell: Corpse Rot
  8408 | D:8      | Reached skill level 9 in Necromancy
  8444 | D:8      | Found Geitu's Assorted Antiques.
  9439 | D:8      | Reached skill level 5 in Spellcasting
  9931 | D:9      | Found Kokhlas's Armour Shoppe.
  9931 | D:9      | Found a staircase to the Orcish Mines.
 10231 | D:9      | Noticed a two-headed ogre
 10254 | D:9      | Killed a two-headed ogre
 10255 | D:9      | Reached skill level 10 in Necromancy
 10255 | D:9      | Reached XP level 10. HP: 87/87 MP: 0/17
 10574 | D:9      | Noticed a cyclops
 10639 | D:9      | Reached skill level 1 in Evocations
 10712 | D:9      | Reached skill level 1 in Armour
 10993 | D:9      | Found Sytrurche's Book Shoppe.
 11026 | D:9      | Reached ** piety under Kikubaaqudgha
 11763 | D:9      | Noticed a two-headed ogre
 12018 | D:9      | Found the amulet of the Air {Inacc Air Fly rElec RMsl}
 12088 | D:10     | Entered Level 10 of the Dungeon
 12204 | D:10     | You fall into a shaft and drop 2 floors!
 12269 | D:12     | Noticed a two-headed ogre
 12271 | D:12     | Noticed a purple ugly thing
 12472 | D:12     | Killed a two-headed ogre
 12473 | D:12     | Reached skill level 11 in Necromancy
 12596 | D:12     | Noticed a wolf spider
 12597 | D:12     | Noticed a manticore
 12651 | D:11     | Found a transporter.
 12651 | D:11     | Noticed a five-headed hydra
 12655 | D:11     | Found a transporter.
 12660 | D:11     | Noticed jayjay249's ghost (journeyman DECj)
 12660 | D:11     | Noticed a moth of wrath
 12717 | D:11     | Found Huch's General Store.
 12722 | D:11     | Bought a scroll of identify for 28 gold pieces
 12944 | D:11     | Found a gate leading to a gauntlet.
 12949 | Gauntlet | Entered a Gauntlet
 12949 | Gauntlet | Noticed a soul eater
 12949 | Gauntlet | Noticed an ice statue
 12949 | Gauntlet | Found a transporter.
 12949 | Gauntlet | Found a transporter.
 12949 | Gauntlet | Found a transporter.
 13105 | Gauntlet | Found a transporter.
 13105 | Gauntlet | Found a transporter.
 13106 | Gauntlet | Found a transporter.
 13107 | Gauntlet | Noticed a moth of wrath
 13117 | Gauntlet | Found a transporter.
 13121 | Gauntlet | Found a transporter.
 13125 | Gauntlet | Noticed a spectral centaur warrior
 13132 | Gauntlet | Noticed an apocalypse crab
 13134 | Gauntlet | Found a transporter.
 13134 | Gauntlet | Noticed a death drake
 13136 | Gauntlet | Found a transporter.
 13156 | Gauntlet | Found a transporter.
 13160 | Gauntlet | Found a transporter.
 13372 | Gauntlet | Identified the ring "Fyzom" {rC+ Will+ rCorr Str-4 Dex+5}
 13409 | Gauntlet | Learned a level 5 spell: Agony
 13409 | Gauntlet | Noticed a minotaur
 13418 | Gauntlet | Learned a level 4 spell: Animate Dead
 13429 | Gauntlet | HP: 4/87 [minotaur/silver javelin (3)]
 13446 | Gauntlet | HP: 4/130 [minotaur (21)]
 13447 | Gauntlet | Demolished by a minotaur

Illustrated notes

Levels and vault maps discovered:
D:1:      wander_arrival_peaceful_grave, layout_basic,
          shapermc_ecumenical_altar_flowoftime, minmay_split_cup_small
D:2:      layout_loops_cross, minmay_tiny_reverse_x
D:3:      layout_basic, uniq_ijyb, uniq_robin
D:4:      layout_gridville, serial_shops, nicolae_diamond_shop, uniq_duvessa
D:5:      layout_basic, minmay_temple_entry_large_hall, uniq_blork_the_orc,
          uniq_edmund
D:6:      layout_loops_corners, uniq_crazy_yiuf_cottage
D:7:      layout_cave_pools, uniq_maggie, uniq_joseph, uniq_pikel
D:8:      layout_basic, nicolae_stop_n_shop_2
D:9:      layout_roguey, orc_david_3, serial_shops, shop, special_room
          [special_room_orc], minivault_10, statue_in_the_mist_lemuel,
          minmay_diamond_spiral
D:10:     due_chaos_kobolds, layout_irregular_city, bloody_makhleb,
          minmay_lair_entry_lava
D:11:     layout_irregular_city, portal_ice_cave_entry_ice_simulacra,
          gammafunk_ghost_berserking_beasts, serial_shops, nicolae_shop_trees,
          gauntlet_entry_generic
D:12:     layout_stronghold, serial_shops, nicolae_shop_waterfront,
          enter_bailey_3, maelrawn_ghost_gauntlet_escape,
          minmay_fractal_squares_gapless_7
Temple:   nicolae_temple_the_god_donut
Gauntlet: gammafunk_gauntlet_hard_choice [nicolae_gauntlet_arena_t_cross,
          nicolae_gauntlet_arena_grate_2,
          gammafunk_gauntlet_arena_split_diamond,
          gammafunk_gauntlet_arena_mazey, nicolae_gauntlet_arena_blocks,
          nicolae_gauntlet_swirl, nicolae_gauntlet_exit_dead_adventurers]

Skill      XL: |  1  2  3  4  5  6  7  8  9 10 |
---------------+-------------------------------+-----
Spellcasting   | 2 3 4 5 6 |  6.0
Stealth        | 3 4 5 7 8 9 |  9.3
Dodging        | 3 4 5 6 7 |  7.9
Necromancy     | 5 6 7 8 10 11 | 11.1
Fighting       | 1 2 3 4 |  4.9
Evocations     | 4 |  4.0
Armour         | 3 |  3.2

Action                   |  1- 3 |  4- 6 |  7- 9 | 10-12 || total
-------------------------+-------+-------+-------+-------++-------
Melee: Unarmed           |     2 |       |       |       ||     2
       Dagger            |    16 |    37 |   184 |       ||   237
       Short sword       |       |       |    44 |       ||    44
       Spear             |       |       |    50 |   155 ||   205
 Fire: Hunting sling     |       |    20 |       |       ||    20
 Cast: Pain              |    72 |    56 |    67 |    25 ||   220
       Animate Skeleton  |     2 |    14 |    21 |     4 ||    41
       Vampiric Draining |       |     2 |    52 |    62 ||   116
       Corpse Rot        |       |       |     2 |     1 ||     3
       Animate Dead      |       |       |       |     2 ||     2
Invok: Receive Corpses   |       |       |     1 |     4 ||     5
 Abil: Heal Wounds       |       |     1 |     1 |     1 ||     3
Evoke: Wand              |       |    11 |    11 |     3 ||    25
  Use: Scroll            |       |       |     8 |     5 ||    13
       Potion            |       |       |     1 |     5 ||     6
 Stab: Sleeping          |     1 |     3 |     6 |     3 ||    13
       Paralysed         |       |    14 |       |       ||    14
Armor: Robe              |     1 |     4 |       |       ||     5
       Ring mail         |       |    12 |   140 |    66 ||   218
Dodge: Dodged            |    14 |    16 |   202 |   114 ||   346
Block: Other             |       |     2 |    73 |    34 ||   109
       Reflection        |       |     1 |     2 |     1 ||     4
